 Dungeon Crawl Stone Soup version 0.31.0-11-ge490571c62 (webtiles) character file.

Game seed: 2002685086891562199

70 thiscave3701365 the Chopper (level 4, -10/33 HPs)
             Began as a Djinni Warper on Feb 8, 2024.
             Mangled by an ogre
             ... wielding a +0 giant club
              (16 damage)
             ... on level 3 of the Dungeon.
             The game lasted 00:03:42 (1933 turns).

thiscave3701365 the Chopper (Djinni Warper)         Turns: 1933, Time: 00:03:42

Health: -10/33     AC:  8    Str: 12    XL:     4   Next: 44%
Gold:   50         EV:  6    Int: 14    God:
                   SH:  0    Dex: 13

rFire   + + .        a - +0 hand axe
rCold   x . .        (no shield)
rNeg    . . .        j - +0 chain mail
rPois   ∞            (no helmet)
rElec   .            (no cloak)
rCorr   .            (no gloves)
SInv    .            (boots unavailable)
Will    .....        (no amulet) Stlth
                     (no ring)
HPRegen 0.25/turn    (no ring)
MPRegen 0.00/turn

%: infuse magic (-11 HP)
@: flying
A: sickness immunity, fire resistance 2, cold vulnerability 1, float, innate
caster, HP casting, extra vitality 1
a: no special abilities


You were on level 3 of the Dungeon.
You visited 1 branch of the dungeon, and saw 3 of its levels.

You collected 50 gold pieces.

Inventory:

Hand Weapons
 a - a +0 hand axe (weapon)
 i - a +1 dagger of venom
Missiles
 b - 5 poisoned darts
 d - 7 darts of dispersal (quivered)
Armour
 h - a +0 ring mail
 j - a +0 chain mail (worn)
Jewellery
 k - a ring of see invisible
Wands
 p - a wand of polymorph (8)
Scrolls
 c - a scroll of blinking
 e - 2 scrolls of revelation {unknown}
 f - 2 scrolls of teleportation {unknown}
 g - a scroll of fear {unknown}
 m - a scroll of amnesia {unknown}
 q - a scroll of fog {unknown}
Potions
 l - a potion of attraction {unknown}
 n - 2 potions of curing {unknown}
 o - a potion of brilliance {unknown}


   Skills:
 + Level 2.2 Fighting
 + Level 3.2 Axes
 + Level 0.7 Throwing
 + Level 1.3 Armour
 + Level 2.3 Dodging
 + Level 2.9 Spellcasting
 + Level 2.9 Conjurations
 + Level 2.9 Hexes
 + Level 2.9 Summonings
 + Level 2.9 Necromancy
 + Level 2.9 Translocations
 + Level 2.9 Fire Magic
 + Level 2.9 Ice Magic
 + Level 2.9 Air Magic
 + Level 2.9 Earth Magic
 + Level 2.9 Alchemy


You knew the following spells:

 Your Spells              Type           Power      Damage    Failure   Level
a - Blink                 Tloc           20%        N/A       95%         2
b - Lesser Beckoning      Tloc           20%        N/A       95%         2
c - Teleport Other        Tloc           10%        N/A       99%         3
d - Manifold Assault      Tloc           10%        N/A       100%        4
e - Vhi's Electric Charg  Tloc/Air       20%        N/A       100%        4
f - Shock                 Conj/Air       40%        1d5       86%         1
Your spell library was empty.

Dungeon Overview and Level Annotations

Branches:
Dungeon (3/15)

Altars:

Shops:
D:2 =


Innate Abilities, Weirdness & Mutations

You are immune to sickness and miasma.
You are immune to poison.
Your flesh is very heat resistant. (rF++)
You are vulnerable to cold. (rC-)
You float through the air rather than walking.
You learn spells naturally, not from books.
Your magical power is your life essence.
You have superior vitality. (+4 MHP)


Message History

The ogre shouts!
The ogre moves out of view.
No target in view!
An ogre is nearby!
Unknown command.
Found an escape hatch in the ceiling.
You slash the ogre!
The ogre is moderately wounded.
The ogre hits you with a +0 giant club.
An ogre is nearby!
An ogre is nearby!
You hit the ogre but do no damage.
The ogre is moderately wounded.
The ogre hits you with a +0 giant club.
You barely miss the ogre.
The ogre is moderately wounded.
You hit the ogre but do no damage.
The ogre is moderately wounded.
The ogre barely misses you.
You hit the ogre but do no damage.
The ogre is moderately wounded.
The ogre hits you but does no damage.
You hit the ogre.
The ogre is moderately wounded.
The ogre hits you with a +0 giant club!!
Ouch! That really hurt!
* * * LOW HITPOINT WARNING * * *
You are too injured to fight recklessly!
You are too injured to fight recklessly!
You are too injured to fight recklessly!
You slash the ogre!
The ogre is severely wounded.
You barely miss the ogre.
The ogre is severely wounded.
The ogre hits you but does no damage.
You are too injured to fight recklessly!
You barely miss the ogre.
The ogre is severely wounded.
The ogre hits you with a +0 giant club!
You die...

.##### ...... ..♣..
###### #...# # #...#
#.<.# 8 #...# #
###...### # +...♣O..+ 8
#...@.# # ###...## ##
#.##.## 8# #..#'####.#
########## #...........
##8##8##8###..######.#[
..........'...#####
##8##8##8##.......#
############......#


You could see an ogre.

Vanquished Creatures
  An adder (D:3)
  A dart slug (D:3)
  A ribbon worm (D:2)
  2 orcs
  5 bats
  4 endoplasms
  3 giant cockroaches (D:1)
  4 goblins (D:1)
  6 hobgoblins
  9 kobolds
  3 quokkas
  4 ball pythons
  3 frilled lizards
  3 rats
49 creatures vanquished.

Notes
Turn   | Place    | Note
-------+----------+-------------------------------------------
     0 | D:1      | thiscave3701365 the Djinni Warper began the quest for the
                  | Orb.
     0 | D:1      | thiscave3701365 set off with the following spells
                  | memorised: Blink, Lesser Beckoning, Teleport Other,
                  | Manifold Assault, Vhi's Electric Charge.
     0 | D:1      | Reached XP level 1. HP: 18/18 MP: 0/0
    86 | D:1      | Reached skill level 2 in Axes
    86 | D:1      | Reached XP level 2. HP: 20/23 MP: 0/0
   315 | D:1      | Reached XP level 3. HP: 25/28 MP: 0/0
   315 | D:1      | Learned a level 1 spell: Shock
   903 | D:1      | Reached skill level 3 in Axes
  1505 | D:2      | Reached XP level 4. HP: 30/33 MP: 0/0
  1607 | D:2      | Found Hetwal's Jewellery Emporium.
  1921 | D:3      | Noticed an ogre
  1933 | D:3      | Mangled by an ogre

Illustrated notes

Levels and vault maps discovered:
D:1:      minmay_arrival_split_and_join, layout_loops_ring
D:2:      layout_basic, serial_shops, shop_statue
D:3:      layout_basic, nicolae_qazlal_scattered_showers,
          hellmonk_ecumenical_altar_inner_sanctum, grunt_ministairs_15,
          dk_noncrumbling_2

Skill      XL: |  1  2  3 |
---------------+----------+-----
Axes           | 2 3 |  3.2
Fighting       | |  2.2
Throwing       | |  0.7
Armour         | |  1.3
Dodging        | |  2.3
Spellcasting   | |  2.9
Conjurations   | |  2.9
Hexes          | |  2.9
Summonings     | |  2.9
Necromancy     | |  2.9
Translocations | |  2.9
Fire Magic     | |  2.9
Ice Magic      | |  2.9
Air Magic      | |  2.9
Earth Magic    | |  2.9
Alchemy        | |  2.9

Action                     |  1- 3 |  4- 6 || total
---------------------------+-------+-------++-------
  Melee: Hand axe          |   165 |    47 ||   212
         Punch             |     1 |       ||     1
 Armour: Leather armour    |    71 |       ||    71
         Chain mail        |    42 |    34 ||    76
  Dodge: Dodged            |   103 |    17 ||   120
